 Seeded DCSS version 0.29.1-2-gbd0b4ee654 (webtiles) character file.

Game seed: 19941 (custom seed)

1037 Ashen the Scholar of Death (level 8, 0/58 HPs)
             Began as a Demonspawn Necromancer on Oct 29, 2022.
             Was a Follower of Kikubaaqudgha.
             Succumbed to an orc's poison
             ... on level 6 of the Dungeon.
             The game lasted 00:12:53 (6767 turns).

Ashen the Scholar of Death (Demonspawn Necromancer) Turns: 6767, Time: 00:12:54

Health: 0/58       AC:  8    Str:  9    XL:     8   Next: 4%
Magic:  9/14       EV: 13    Int: 18    God:    Kikubaaqudgha [*.....]
Gold:   285        SH:  0    Dex: 14    Spells: 4/15 levels left

rFire   . . .      SeeInvis .   r - +0 rapier (venom)
rCold   . . .      Faith    .   (no shield)
rNeg    . . .      Spirit   .   f - +3 leather armour
rPois   .          Reflect  .   (no helmet)
rElec   .          Harm     .   w - +0 cloak
rCorr   .          Rampage  .   m - +0 pair of gloves
Will    .....                   (no boots)
Stlth   ++........              (no amulet)
HPRegen 0.19/turn               (no ring)
MPRegen 0.14/turn               (no ring)

@: lethally poisoned (0 -> -1)
A: powered by death 2, sturdy frame 2, weakness stinger 1
a: Renounce Religion, Unearth Wretches


You were on level 6 of the Dungeon.
You worshipped Kikubaaqudgha.
Kikubaaqudgha was aware of your devotion.
You visited 2 branches of the dungeon, and saw 7 of its levels.

You collected 285 gold pieces.

Inventory:

Hand Weapons
 a - a +1 dagger of flaming
 g - a +0 whip of pain
 r - a +0 rapier of venom (weapon)
Armour
 f - a +3 leather armour (worn)
 m - a +0 pair of gloves (worn)
 w - a +0 cloak (worn)
Jewellery
 i - a +4 ring of protection
Wands
 x - a wand of digging (7)
Scrolls
 c - a scroll of magic mapping {unknown}
 d - 7 scrolls of identify {unknown}
 e - 3 scrolls of amnesia {unknown}
 h - 2 scrolls of noise {unknown}
 j - a scroll of enchant armour {unknown}
 p - a scroll of torment {unknown}
 q - a scroll of summoning {unknown}
 y - a scroll of poison {unknown}
 A - a scroll of teleportation {unknown}
 B - a scroll of enchant weapon {unknown}
Potions
 b - a potion of magic
 k - a potion of degeneration {unknown}
 l - a potion of ambrosia {unknown}
 n - 5 potions of curing {unknown}
 o - a potion of mutation {unknown}
 s - a potion of invisibility {unknown}
 t - a potion of lignification {unknown}
 u - a potion of haste {unknown}
 v - a potion of berserk rage {unknown}
 z - a potion of flight {unknown}


   Skills:
 + Level 3.4 Fighting
 + Level 4.3 Dodging
 - Level 3.0 Stealth
 + Level 4.4 Spellcasting
 + Level 2.3 Summonings
 + Level 6.6 Necromancy


You had 4 spell levels left.
You knew the following spells:

 Your Spells              Type           Power      Damage    Failure   Level
a - Necrotise             Necr           100%       1d9       1%          1
b - Vampiric Draining     Necr           27%        2d7       2%          3
c - Animate Dead          Necr           27%        N/A       10%         4
d - Call Canine Familiar  Summ           12%        N/A       16%         3

Your spell library contained the following spells:

 Spells                   Type           Power      Damage    Failure   Level
 Sublimation of Blood     Necr           27%        N/A       1%          2
 Summon Small Mammal      Summ           48%        N/A       5%          1
 Summon Guardian Golem    Hex/Summ       8%         N/A       26%         3
 Portal Projectile        Hex/Tloc       6%         N/A       38%         3
 Tukima's Dance           Hex            3%         N/A       38%         3
 Agony                    Necr           27%        N/A       26%         5
 Blade Hands              Tmut           1%         N/A       98%         5


Dungeon Overview and Level Annotations

Branches:
Dungeon (6/15)             Temple (1/1) D:5

Altars:
Ashenzari
Cheibriados
Dithmenos
Fedhas
Hepliaklqana
Kikubaaqudgha
Nemelex Xobeh
Okawaru
Qazlal
Sif Muna
Trog
Uskayaw
Vehumet
Yredelemnul

Shops:
D:1 ([*   D:3 *   D:5 :


Innate Abilities, Weirdness & Mutations

You regenerate health from kills.
Your movements are less encumbered by armour. (ER -4)
You have a small tail.


Message History

Your orc zombie closely misses the orc wizard.
The orc wizard casts a spell at you. The puff of flame hits you!
* * * LOW HITPOINT WARNING * * *
Casting: Vampiric Draining (dangerous; 2% risk of failure)
Confirm with . or Enter, or press ? or * to list all spells.
Aiming: Vampiric Draining (dangerous; 2% risk of failure)
Press: ? - help, Shift-Dir - straight line, f - orc wizard
Aim: an orc wizard, wielding a +0 dagger and wearing a +0 robe (heavily wounded, ally target)
You draw life force from the orc wizard!
You kill the orc wizard!
Kikubaaqudgha accepts your kill.
You feel life coursing into your body.
You feel very sick.
Unknown command.
You feel very sick.
* * * LOW HITPOINT WARNING * * *
You feel very sick.
There is a lethal amount of poison in your body!
There is a lethal amount of poison in your body!
There is a lethal amount of poison in your body!
Okay, then.
* * * LOW HITPOINT WARNING * * *
You feel very sick.
* * * LOW HITPOINT WARNING * * *
You feel sick.
* * * LOW HITPOINT WARNING * * *
You feel sick.
* * * LOW HITPOINT WARNING * * *
You feel sick.
* * * LOW HITPOINT WARNING * * *
You feel sick.
* * * LOW HITPOINT WARNING * * *
You feel sick.
* * * LOW HITPOINT WARNING * * *
You feel sick.
* * * LOW HITPOINT WARNING * * *
You feel sick.
You die...
Kikubaaqudgha rasps: "You have failed me!
Welcome... death!"

.........# #............
.........# #............
.........###............
.........Z...........$..
#.......Z..#........!...
##......####............
###....# #............
## ##.### ##...Z.......
.####.# ###.@)......
....#.# ##Z)......
###..#####. ##.......
#)#..##..... .......
###.......... .##....
)............# ## ####
..............
#..............
#...............


You could see 2 friendly orc zombies.

Vanquished Creatures
  Duvessa (D:4)
  2 scorpions
  A bullfrog (D:6)
  2 necrophages
  Dowan (D:4)
  3 jellies
  3 hounds
  An iguana (D:6)
  5 orc wizards
  3 gnolls (D:2)
  10 adders
  An ufetubus (D:5)
  2 worms (D:3)
  4 dart slugs
  21 orcs
  7 endoplasms
  4 giant cockroaches
  6 goblins
  8 hobgoblins
  6 kobolds
  2 quokkas (D:1)
  4 ball pythons
  7 bats
  5 frilled lizards
  12 rats
121 creatures vanquished.

Vanquished Creatures (collateral kills)
  A dart slug (D:3)
  A frilled lizard (D:2)
  2 rats (D:2)
4 creatures vanquished.

Vanquished Creatures (others)
  A giant cockroach zombie (D:4)
  2 orc zombies (D:6)
3 creatures vanquished.

Grand Total: 128 creatures vanquished

Notes
Turn   | Place    | Note
-------+----------+-------------------------------------------
     0 | D:1      | Ashen the Demonspawn Necromancer began the quest for the
                  | Orb.
     0 | D:1      | Reached XP level 1. HP: 13/13 MP: 3/3
   168 | D:1      | Found Riotof's Antique Weapon Shop.
   220 | D:1      | Gained mutation: Your movements are slightly less
                  | encumbered by armour. (ER -2) [demonic ancestry]
   220 | D:1      | Reached XP level 2. HP: 18/19 MP: 1/5
   473 | D:1      | Found a faded altar of an unknown god.
   975 | D:1      | Found Vypiut's Assorted Antiques.
   985 | D:1      | Gained mutation: You have a small tail. [demonic ancestry]
   985 | D:1      | Reached XP level 3. HP: 16/24 MP: 2/6
  1086 | D:1      | Found Marruhor's Antique Armour Shoppe.
  1776 | D:2      | Reached XP level 4. HP: 29/30 MP: 2/7
  1903 | D:2      | Reached skill level 5 in Necromancy
  2392 | D:3      | Learned a level 3 spell: Vampiric Draining
  2397 | D:3      | Learned a level 4 spell: Animate Dead
  2581 | D:3      | Found a blossoming altar of Fedhas.
  2655 | D:3      | Found Deropsou's Assorted Antiques.
  2749 | D:3      | Found a hazy altar of Hepliaklqana.
  2919 | D:4      | Noticed Duvessa
  2919 | D:4      | Noticed Dowan
  3126 | D:3      | Gained mutation: You regenerate a little health from kills.
                  | [demonic ancestry]
  3126 | D:3      | Reached XP level 5. HP: 36/36 MP: 6/9
  3627 | D:4      | Reached skill level 1 in Fighting
  3891 | D:4      | Gained mutation: You regenerate health from kills. [demonic
                  | ancestry]
  3891 | D:4      | Reached XP level 6. HP: 39/43 MP: 9/11
  4303 | D:4      | Killed Duvessa
  4321 | D:4      | Killed Dowan
  4822 | D:5      | Entered Level 5 of the Dungeon
  4843 | D:5      | Learned a level 3 spell: Call Canine Familiar
  4874 | D:5      | Reached skill level 6 in Necromancy
  4874 | D:5      | Reached XP level 7. HP: 42/51 MP: 4/12
  5117 | D:5      | Found a staircase to the Ecumenical Temple.
  5122 | Temple   | Entered the Ecumenical Temple
  5334 | Temple   | Became a worshipper of Kikubaaqudgha
  5356 | D:5      | Reached skill level 1 in Summonings
  5831 | D:5      | Found Neanacku's Book Shoppe.
  5840 | D:5      | Found a large runed translucent door.
  5851 | D:5      | Found a large runed translucent door.
  5889 | D:5      | Found a radiant altar of Vehumet.
  5943 | D:5      | Found a bloodstained altar of Trog.
  6186 | D:6      | Found a sparkling altar of Nemelex Xobeh.
  6579 | D:6      | Gained mutation: Your movements are less encumbered by
                  | armour. (ER -4) [demonic ancestry]
  6579 | D:6      | Reached XP level 8. HP: 53/58 MP: 7/14
  6745 | D:6      | Reached * piety under Kikubaaqudgha
  6745 | D:6      | Received a gift from Kikubaaqudgha
  6765 | D:6      | HP: 2/58 [poisoned by an orc]
  6767 | D:6      | Succumbed to an orc's poison

Illustrated notes

Levels and vault maps discovered:
D:1:      lightli_arrival_lavapool, layout_basic, serial_shops, shop_fountains,
          shop, nicolae_shop_trees,
          hellmonk_ecumenical_altar_pennies_from_heaven
D:2:      layout_loops_ring, minmay_hexomino_c4
D:3:      layout_basic, mainiacjoe_overflow_surrounded_room,
          mainiacjoe_overflow_big_doors, serial_shops, shop,
          kennysheep_generic_room_6
D:4:      layout_layer_cave, uniq_duvessa
D:5:      layout_loops_ring, jmf_multi_god_temple2, temple_statues,
          serial_shops, shop
D:6:      layout_cave_pods, nemelex_spade_bored_becter, chequers_jeans,
          nicolae_shop_fire_sale [nicolae_sub_dead_trees],
          hellmonk_bongcloud_opening, item_on_display_a, uniq_menkaure
Temple:   hellmonk_temple_forest_ring

Skill      XL: |  1  2  3  4  5  6  7 |
---------------+----------------------+-----
Dodging        | 2 3 4 |  4.3
Stealth        | 2 3 |  3.0
Necromancy     | 5 6 |  6.6
Spellcasting   | 3 4 |  4.4
Fighting       | 1 2 3 |  3.4
Summonings     | 2 |  2.3

Action                   |  1- 3 |  4- 6 |  7- 9 || total
-------------------------+-------+-------+-------++-------
Melee: Dagger            |    39 |    28 |       ||    67
       Unarmed           |     2 |       |       ||     2
       Rapier            |       |    36 |   115 ||   151
       Tailslap          |       |     8 |    23 ||    31
       Punch             |       |     1 |     3 ||     4
 Cast: Necrotise         |    65 |    86 |     2 ||   153
       Animate Dead      |       |     2 |     3 ||     5
       Vampiric Draining |       |     3 |    15 ||    18
 Stab: Sleeping          |     1 |     2 |     3 ||     6
       Distracted        |       |       |     1 ||     1
Armor: Leather armour    |    18 |    21 |    62 ||   101
       Robe              |     1 |       |       ||     1
Dodge: Dodged            |    43 |    41 |    97 ||   181
